 Dungeon Crawl Stone Soup version 0.25.0-11-g1f837a76a1 (webtiles) character file.

Game seed: 16682843245793219141

14261 Delamore the Severer (level 12, 0/92 HPs)
             Began as a Formicid Fighter on June 27, 2020.
             Was a High Priest of Okawaru.
             Slain by a four-headed hydra (13 damage)
             ... on level 11 of the Dungeon.
             The game lasted 00:18:15 (15065 turns).

Delamore the Severer (Formicid Fighter)            Turns: 15065, Time: 00:18:16

Health: 0/92       AC: 13    Str: 25    XL:     12   Next: 43%
Magic:  0/12       EV:  9    Int: 11    God:    Okawaru [*****.]
Gold:   455        SH: 10    Dex: 10    Spells: 11/11 levels left

rFire    . . .     SeeInvis +   D - +2 hand axe (flame)
rCold    + . .     Gourm    .   c - +0 kite shield
rNeg     . . .     Faith    .   F - +0 swamp dragon scales
rPois    +         Spirit   +   (helmet unavailable)
rElec    .         Reflect  .   G - +0 cloak
rCorr    .         Harm     .   l - +0 pair of gloves
MR       +....                  I - +2 pair of boots of Okawaru's Whim {Int+2}
Stlth    ..........             q - amulet of guardian spirit
HPRegen  0.25/turn              o - ring of protection from cold
MPRegen  0.13/turn              (no ring)

@: no status effects
A: permanent stasis, dig shafts and tunnels, four strong arms, antennae 3
a: Dig, Shaft Self, Heroism, Finesse, Renounce Religion


You were on level 11 of the Dungeon.
You worshipped Okawaru.
Okawaru was extremely pleased with you.
You were not hungry.

You visited 2 branches of the dungeon, and saw 12 of its levels.

You collected 581 gold pieces.
You spent 126 gold pieces at shops.

Inventory:

Hand Weapons
 a - a +2 battleaxe
 m - a +2 vampiric hand axe
 D - a +2 hand axe of flaming (weapon)
 E - a +2 vorpal war axe
Missiles
 b - 15 poisoned darts (quivered)
 L - 2 throwing nets
Armour
 c - a +0 kite shield (worn)
 l - a +0 pair of gloves (worn)
 F - +0 swamp dragon scales (worn)
 G - a +0 cloak (worn)
 I - the +2 pair of boots of Okawaru's Whim (worn) {Int+2}
   (Okawaru gifted it to you on level 10 of the Dungeon)

   It affects your intelligence (+2).
Jewellery
 o - a ring of protection from cold (left hand)
 q - an amulet of guardian spirit (around neck)
Wands
 g - a wand of acid (10)
 i - a wand of iceblast (5)
 v - a wand of clouds (8)
 y - a wand of polymorph (21)
 B - a wand of disintegration (13)
 C - a wand of paralysis (11)
 H - a wand of enslavement (5)
Scrolls
 j - 8 scrolls of remove curse
 k - a scroll of enchant armour
 n - 3 scrolls of immolation
 u - a scroll of amnesia
 w - 2 scrolls of fog
 z - a scroll of fear {unknown}
 J - a scroll of magic mapping {unknown}
Potions
 d - a potion of might
 e - 2 potions of heal wounds
 h - 2 potions of lignification
 p - 2 potions of mutation
 r - 2 potions of cancellation
 s - a potion of degeneration
 t - a potion of haste
 x - 2 potions of brilliance
 A - a potion of berserk rage
Comestibles
 f - 24 rations


   Skills:
 + Level 7.7 Fighting
 - Level 17.0 Axes
 - Level 3.2 Armour
 + Level 4.3 Shields


You had 11 spell levels left.
You didn't know any spells.
Your spell library contained the following spells:

 Spells                   Type           Power        Failure   Level  Hunger
 Foxfire                  Conj/Fire      #...         82%         1    ##.....
 Conjure Flame            Conj/Fire      #.......     99%         3    ####...
 Inner Flame              Hex/Fire       #.......     99%         3    ####...
 Sticky Flame             Conj/Fire      #.......     100%        4    #####..
 Fireball                 Conj/Fire      #.........   100%        5    ######.


Dungeon Overview and Level Annotations

Branches:
Dungeon (11/15)            Temple (1/1) D:4            Lair (0/6) D:9
    Orc (0/2) D:9

Altars:
Ashenzari
Cheibriados
Dithmenos
Elyvilon
Fedhas
Gozag
Hepliaklqana
Kikubaaqudgha
Makhleb
Nemelex Xobeh
Okawaru
Qazlal
Ru
Sif Muna
Trog
Uskayaw
Vehumet
Wu Jian
Xom
Yredelemnul
Zin
The Shining One
Jiyva
Lugonu

Shops:
D:4 ?

Annotations:
D:7 2 transporters
D:8 1 runed translucent door, triki's ghost, novice CeAM


Innate Abilities, Weirdness & Mutations

You cannot be hasted, slowed, berserked, paralysed or teleported.
You can dig through walls and to a lower floor.
Your four strong arms can wield two-handed weapons with a shield.
You have a pair of large antennae on your head. (SInv)


Message History

You hit the bullfrog skeleton. You burn the bullfrog skeleton.
You destroy the bullfrog skeleton!
Okawaru accepts your kill.
The six-headed hydra closely misses you.
The six-headed hydra completely misses you.
The six-headed hydra barely misses you. x2
The six-headed hydra bites you but does no damage.
You block the six-headed hydra's attack.
You slice one of the six-headed hydra's heads off!
The flame cauterises the wound!
You hit the five-headed hydra. You burn the five-headed hydra.
The five-headed hydra is severely wounded.
You slice one of the five-headed hydra's heads off!
The flame cauterises the wound!
You slash the four-headed hydra! You burn the four-headed hydra.
The four-headed hydra is almost dead.
The four-headed hydra bites you.
* * * LOW HITPOINT WARNING * * *
The four-headed hydra bites you!
You die...

.### .# ....### #.
......#### #.#
....)))..### ..#
....#)[....#### ##.#
....####.<....####..#
#### ####.........#
###......@D..#
###.......####.#
###.......### ...
###......(### #....
##.......### ......
.......### ...%..
#.....## .....
###..### .....
##...##


You could see a four-headed hydra.

Vanquished Creatures
  A great orb of eyes (D:8)
  2 two-headed ogres
  An unseen horror (D:10)
  2 ugly things (D:11)
  Joseph (D:8)
  Maggie (D:8)
  A gargoyle (D:10)
  3 trolls
  A hornet (D:4)
  Prince Ribbit (D:9)
  2 hippogriffs (D:10)
  A shadow (D:10)
  A wyvern (D:11)
  3 hogs (D:8)
  Grum (D:8)
  5 yaks
  A human (D:8)
  2 hungry ghosts
  4 porcupines (D:9)
  A black bear (D:11)
  An ice beast (D:7)
  3 sky beasts
  2 eyes of draining (D:9)
  3 orc warriors
  A necrophage (D:10)
  A phantom (D:4)
  4 ogres
  4 wolves (D:8)
  4 crocodiles (D:9)
  10 centaurs
  4 big kobolds
  4 bullfrogs
  A wyvern zombie (D:7)
  A water moccasin zombie (D:5)
  3 scorpions
  5 killer bees
  5 wights (D:11)
  4 howler monkeys
  5 crimson imps
  A centaur zombie (D:11)
  7 hounds
  A quasit (D:6)
  8 orc priests
  3 jellies
  4 bullfrog skeletons
  A centaur skeleton (D:7)
  14 orc wizards
  Natasha (thrice) (D:3)
  2 iguanas
  8 worker ants
  A hound skeleton (D:7)
  A worker ant zombie (D:9)
  6 adders
  7 gnolls
  2 oozes
  2 adder skeletons (D:6)
  2 worms
  3 dart slugs
  12 leopard geckos
  50 orcs
  4 giant cockroaches
  8 hobgoblins
  7 jackals (D:5)
  25 kobolds
  4 quokkas
  5 ball pythons
  4 bats
  3 frilled lizards
  14 goblins
  A leopard gecko skeleton (D:9)
  6 rats
  A spectral orc (D:9)
  A plant (D:9)
321 creatures vanquished.

Vanquished Creatures (others)
  Maurice (D:8)
  A bush (D:9)
  4 fungi (D:9)
  14 plants (D:9)
20 creatures vanquished.

Grand Total: 341 creatures vanquished

Notes
Turn   | Place    | Note
-------+----------+-------------------------------------------
     0 | D:1      | Delamore the Formicid Fighter began the quest for the Orb.
     0 | D:1      | Reached XP level 1. HP: 18/18 MP: 1/1
    30 | D:1      | Reached XP level 2. HP: 22/24 MP: 2/2
   159 | D:1      | Reached XP level 3. HP: 30/30 MP: 3/3
   466 | D:2      | Reached skill level 3 in Axes
   472 | D:2      | Reached XP level 4. HP: 13/37 MP: 4/4
   760 | D:2      | Reached XP level 5. HP: 40/43 MP: 5/5
   881 | D:2      | Reached skill level 5 in Fighting
  1033 | D:2      | Found a shimmering altar of Xom.
  1034 | D:2      | Found a burning altar of Makhleb.
  1341 | D:3      | Reached skill level 4 in Axes
  1349 | D:3      | Found a faded altar of an unknown god.
  1535 | D:3      | Noticed Natasha
  1541 | D:3      | Killed Natasha
  1680 | D:3      | Reached XP level 6. HP: 51/51 MP: 6/6
  1758 | D:3      | Noticed Natasha
  1840 | D:3      | Killed Natasha
  2166 | D:3      | Noticed Natasha
  2238 | D:3      | Killed Natasha
  3012 | D:4      | Found a staircase to the Ecumenical Temple.
  3034 | Temple   | Entered the Ecumenical Temple
  3149 | Temple   | Became a worshipper of Warmaster Okawaru
  3284 | D:3      | Reached skill level 5 in Axes
  3344 | D:4      | Reached XP level 7. HP: 48/58 MP: 7/7
  3410 | D:4      | Found Uforretoo's Magic Scroll Shop.
  3440 | D:4      | Bought a scroll of identify for 28 gold pieces
  3440 | D:4      | Bought a scroll of fog for 28 gold pieces
  3445 | D:4      | Bought a scroll of identify for 28 gold pieces
  3445 | D:4      | Bought a scroll of remove curse for 42 gold pieces
  3669 | D:5      | Entered Level 5 of the Dungeon
  3802 | D:5      | Noticed a hornet
  3833 | D:4      | Killed a hornet
  3833 | D:4      | Reached * piety under Okawaru
  3833 | D:4      | Reached skill level 6 in Axes
  3833 | D:4      | Reached XP level 8. HP: 35/67 MP: 0/8
  4075 | D:5      | Reached skill level 7 in Axes
  4595 | D:5      | Reached ** piety under Okawaru
  4595 | D:5      | Reached skill level 8 in Axes
  5026 | D:6      | Reached XP level 9. HP: 72/72 MP: 9/9
  5058 | D:6      | Reached skill level 9 in Axes
  5430 | D:6      | Found a shimmering blue altar of Sif Muna.
  5430 | D:6      | Found a stormy altar of Qazlal.
  5430 | D:6      | Found a shattered altar of Ashenzari.
  5718 | D:6      | Found an opulent altar of Gozag.
  5756 | D:6      | Reached skill level 10 in Axes
  6275 | D:7      | Found an ornate altar of the Wu Jian Council.
  6293 | D:6      | Reached *** piety under Okawaru
  6930 | D:7      | Reached skill level 11 in Axes
  7211 | D:7      | HP: 1/72 [orc warrior/+2 scimitar of holy wrath (18)]
  7437 | D:7      | Reached XP level 10. HP: 34/79 MP: 3/10
  7657 | D:7      | Got a slimy ring mail
  7672 | D:7      | Identified the cursed +0 ring mail "Ynoe" {rCorr Int+4}
                  | (You found it on level 7 of the Dungeon)
  7793 | D:7      | Reached skill level 12 in Axes
  7815 | D:7      | Reached **** piety under Okawaru
  7853 | D:7      | Noticed a green ugly thing
  7857 | D:7      | Noticed a purple ugly thing
  7860 | D:7      | Noticed a brown ugly thing
  7926 | D:7      | Found a transporter.
  7926 | D:7      | Found a corrupted altar of Lugonu.
  7992 | D:7      | Found a transporter.
  8408 | D:7      | Received a gift from Okawaru
  8720 | D:7      | Found a sparkling altar of Nemelex Xobeh.
  8998 | D:8      | Reached skill level 13 in Axes
  9215 | D:8      | Noticed Maurice
  9241 | D:8      | Killed Maurice
  9797 | D:8      | Noticed Maggie
  9819 | D:8      | Killed Maggie
 10164 | D:8      | Noticed a great orb of eyes
 10176 | D:8      | Killed a great orb of eyes
 10176 | D:8      | Reached skill level 14 in Axes
 10176 | D:8      | Reached XP level 11. HP: 57/84 MP: 7/11
 10411 | D:8      | Noticed Grum
 10422 | D:8      | Killed Grum
 10556 | D:8      | Found a runed translucent door.
 10561 | D:8      | Noticed triki's ghost (novice CeAM)
 10613 | D:8      | Noticed Joseph
 10628 | D:8      | Killed Joseph
 10847 | D:9      | Found a staircase to the Orcish Mines.
 10936 | D:9      | Noticed Prince Ribbit
 10951 | D:9      | Killed Prince Ribbit
 10951 | D:9      | Reached ***** piety under Okawaru
 11006 | D:9      | Reached skill level 15 in Axes
 11108 | D:9      | Found a basalt altar of Yredelemnul.
 11186 | D:9      | Found a staircase to the Lair.
 11889 | D:9      | Found a blossoming altar of Fedhas.
 11917 | D:9      | Found a snail-covered altar of Cheibriados.
 12437 | D:9      | Got a jewelled ring mail
 12448 | D:9      | Identified the +2 ring mail "Niuj" {rF+ MR- Int+8 SInv}
                  | (You found it on level 9 of the Dungeon)
 12900 | D:10     | Entered Level 10 of the Dungeon
 13043 | D:10     | Found a shadowy altar of Dithmenos.
 13095 | D:10     | Noticed a two-headed ogre
 13114 | D:10     | Killed a two-headed ogre
 13114 | D:10     | Reached skill level 16 in Axes
 13660 | D:10     | Identified the cursed +0 falchion "Lanwysev" {flame, Dex+5
                  | Stlth+}
 13670 | D:10     | Reached XP level 12. HP: 81/91 MP: 10/12
 14074 | D:10     | Received a gift from Okawaru
 14075 | D:10     | Got a pair of heavily runed boots {god gift}
 14147 | D:10     | Identified the +2 pair of boots of Okawaru's Whim {Int+2}
                  | (Okawaru gifted it to you on level 10 of the Dungeon)
 14420 | D:11     | Noticed an unseen horror
 14422 | D:11     | Noticed a two-headed ogre
 14432 | D:10     | Killed an unseen horror
 14448 | D:11     | Killed a two-headed ogre
 14448 | D:11     | Reached ****** piety under Okawaru
 14451 | D:11     | Reached skill level 17 in Axes
 15048 | D:11     | Noticed a five-headed hydra
 15065 | D:11     | Slain by a four-headed hydra

Illustrated notes

Levels and vault maps discovered:
D:1:      saegor_arrival_simple_a, layout_rooms
D:2:      layout_loops_cross, grunt_temple_overflow_open
D:3:      layout_basic, chequers_ecumenical_altar_island, nrook_loot_triangle,
          uniq_natasha
D:4:      layout_layer_cave, temple_doors_cd, first_ration, serial_shops, shop
D:5:      layout_cave_pools
D:6:      layout_basic, grunt_gozag_statues, gammafunk_temple_overflow_claw
D:7:      gammafunk_corrupted_shrine, layout_basic, lemuel_round_altar,
          nemelex_altar_shiori
D:8:      layout_loops_cross, ebering_ghost_reflecting_pool, grunt_livestock,
          kennysheep_just_a_vault, uniq_maggie, uniq_grum, uniq_maurice,
          uniq_joseph
D:9:      layout_loops_ring, yredelemnul_forgotten_temple_becter,
          nicolae_overflow_crystal_walls, lemuel_crystal_altar,
          minmay_lair_entry_grove, orc_0_dummy, kennysheep_generic_room_10,
          uniq_prince_ribbit1
D:10:     layout_basic, nicolae_dithmenos_shadow_blocks
D:11:     layout_cave_pods, serial_bayou_pond_b
Temple:   pf_slimified_temple

Skill      XL: |  1  2  3  4  5  6  7  8  9 10 11 12 |
---------------+-------------------------------------+-----
Fighting       | 4 5 6 7 |  7.7
Axes           | 3 4 5 6 8 11 14 16 17 | 17.0
Shields        | 4 |  4.3
Armour         | |  3.2

Action                   |  1- 3 |  4- 6 |  7- 9 | 10-12 || total
-------------------------+-------+-------+-------+-------++-------
Melee: War axe           |    70 |   178 |    44 |   356 ||   648
       Unarmed           |       |    15 |       |       ||    15
       Hand axe          |       |       |   388 |   242 ||   630
Throw: Dart              |       |       |    18 |    21 ||    39
Invok: Heroism           |       |       |       |     1 ||     1
Evoke: Wand              |       |       |       |     3 ||     3
  Use: Scroll            |       |       |    10 |     5 ||    15
       Potion            |       |       |     5 |     1 ||     6
  Eat: Chunk             |       |     8 |    13 |    26 ||    47
       Ration            |       |       |     2 |       ||     2
Armor: Scale mail        |    35 |    65 |   148 |       ||   248
       Chain mail        |       |       |    39 |     2 ||    41
       Ring mail         |       |       |       |    28 ||    28
       Swamp dragon scal |       |       |       |    96 ||    96
Dodge: Dodged            |    23 |    48 |   126 |   148 ||   345
Block: Kite shield       |    35 |    89 |   227 |   205 ||   556
